 Dungeon Crawl Stone Soup version 0.20-a0-785-g17250f0 (webtiles) character file.

14464 Gorice the Nimble (level 12, 0/76 HPs)
             Began as a Kobold Enchanter on Feb 26, 2017.
             Was an Elder of Wu Jian.
             Succumbed to Urug's poison
             ... on level 11 of the Dungeon on Feb 27, 2017.
             The game lasted 01:23:21 (18242 turns).

Gorice the Nimble (Kobold Enchanter)               Turns: 18242, Time: 01:23:22

Health: 0/76       AC:  8    Str:  7    XL:     12   Next: 45%
Magic:  15/15      EV: 23    Int: 18    God:    Wu Jian [****..]
Gold:   623        SH:  0    Dex: 17    Spells: 4/15 levels left

rFire    . . .     SeeInvis .   a - +1 dagger (speed)
rCold    . . .     Gourm    .   q - +1 leather armour {MR+}
rNeg     + . .     Faith    .   (shield restricted)
rPois    .         Spirit   .   m - +0 helmet
rElec    .         Reflect  .   (no cloak)
rCorr    .         Harm     .   t - +2 pair of gloves
MR       +....                  (no boots)
Stlth    +++.......             (no amulet)
Regen    0.3/turn               (no ring)
MPRegen  0.2/turn               F - ring of positive energy

@: lethally poisoned (0 -> -9), slightly contaminated
A: carnivore 3
a: Serpent's Lash, Renounce Religion


You were on level 11 of the Dungeon.
You worshipped Wu Jian.
Wu Jian was greatly pleased with you.
You were completely stuffed.

You visited 3 branches of the dungeon, and saw 13 of its levels.
You also visited: Sewer.

You collected 623 gold pieces.

Inventory:

Hand Weapons
 a - a +1 dagger of speed (weapon)
   (You took it off an orc on level 8 of the Dungeon)
 b - a +0 hunting sling
 l - a +0 long sword
 v - a +0 dagger of venom
   (You took it off an orc wizard on level 6 of the Dungeon)
 z - a +2 dagger
 K - the +0 rapier of Responsibility {protect, *Contam +Rage Int+3}
   (You found it on level 11 of the Dungeon)

   It protects the one who uses it against injury (+AC on strike).
   It affects your intelligence (+3).
   It lets you go berserk.
   It causes magical contamination when unequipped.
Missiles
 E - 67 sling bullets
 H - 5 tomahawks (quivered)
 Z - 294 stones
Armour
 g - the +1 ring mail of Hide-and-Seek {rN++ Str+2}
   (You found it on level 4 of the Dungeon)

   It affects your strength (+2).
   It greatly protects you from negative energy.
 m - a +0 helmet (worn)
 q - a +1 leather armour of magic resistance (worn)
   (You found it on level 8 of the Dungeon)
 r - a +1 scale mail of poison resistance
   (You took it off Duvessa on level 7 of the Dungeon)
 t - a +2 pair of gloves (worn)
 D - a +0 robe
 O - a +0 troll leather armour
Jewellery
 F - a ring of positive energy (left hand)
 G - an uncursed ring of ice
Wands
 j - a wand of paralysis (8/24)
 o - a wand of lightning (3/15)
Scrolls
 e - a scroll of teleportation {!r}
 i - a scroll of blinking
 k - 2 scrolls of amnesia
 x - a scroll of fog
 y - a scroll of fear {!r}
 L - a scroll of magic mapping {!r}
Potions
 h - a potion of heal wounds {!q}
 n - a potion of might {!q}
 p - a potion of mutation {!q}
 u - 3 potions of flight
 w - a potion of magic {!q}
 A - a potion of resistance {!q}
 M - 2 potions of curing
 N - a potion of brilliance {unknown}
Books
 c - a book of Maledictions
 I - a book of Minor Magic
 J - a book of Air
Comestibles
 d - 4 meat rations {!e}
 f - 20 royal jellies


   Skills:
 + Level 9.4 Fighting
 - Level 10.0 Short Blades
 + Level 12.1 Dodging
 - Level 4.0 Stealth
 - Level 2.1 Spellcasting
 - Level 11.0 Hexes
 - Level 5.4 Ice Magic


You had 4 spell levels left.
You knew the following spells:

 Your Spells              Type           Power        Failure   Level  Hunger
a - Corona                Hex            #####..      1%          1    #......
b - Ensorcelled Hibernat  Hex/Ice        ####..       1%          2    ###....
c - Confuse               Hex            #####...     1%          3    ###....
d - Tukima's Dance        Hex            #####...     1%          3    ###....
J - Blink                 Tloc           N/A          38%         2    ###....


Dungeon Overview and Level Annotations

Branches:
Dungeon (11/15)            Temple (1/1) D:7            Lair (1/6) D:10
    Orc: D:9-12

Altars:
Ashenzari
Cheibriados
Dithmenos
Elyvilon
Fedhas
Gozag
Hepliaklqana
Kikubaaqudgha
Makhleb
Nemelex Xobeh
Okawaru
Qazlal
Ru
Sif Muna
Trog
Uskayaw
Vehumet
Wu Jian
Xom
Yredelemnul
Zin
The Shining One

Annotations:
D:11 exclusion: hydra, Urug
Lair:1 Gastro wt!, Gastronok


Innate Abilities, Weirdness & Mutations

You are small and have problems with some larger weapons.
You are carnivorous and can eat meat at any time.


Message History

The adder misses you.
You spin and attack the quokka repeatedly!
You miss the quokka. You hit the quokka.
The quokka seems to slow down as you strike a pressure point.
The quokka is heavily wounded.
You closely miss the quokka.
The quokka is heavily wounded.
You spin and attack the kobold repeatedly!
You hit the kobold.
The kobold is severely wounded.
You hit the kobold.
You kill the kobold!
The Council accepts your kill.
You feel sick. The white imp gestures at you. The puff of frost misses you.
The puff of frost hits the quokka.
The quokka dies!
The big kobold misses you.
Damage: 1 (max 26) Unknown command.
Unknown command.
Unknown command.
A yak comes into view.
The adder completely misses you.
You feel sick.
Urug shouts!
The brown ugly thing is no longer moving slowly.
Urug mutters, "Sometimes I wonder if they all really are harpies."
The kobold demonologist casts a spell.
Damage: 1 (max 26)
The yak bellows! x3
Urug throws a poisoned javelin.
The poisoned javelin hits you!
* * * LOW HITPOINT WARNING * * *
You see here a poisoned javelin.
Damage: 8 (max 26) Unknown command.
Blink to where?
Press: ? - help, Dir - move target cursor You are lightly contaminated with residual magic.
As you read the scroll of blinking, it crumbles to dust.
Urug throws a poisoned javelin.
The poisoned javelin hits you!
* * * LOW HITPOINT WARNING * * *
You are lethally poisoned!
Damage: 9 (max 26) Unknown command.
* * * LOW HITPOINT WARNING * * *
You feel sick.
Damage: 2 (max 26) Unknown command.
You die...

##### ##≈≈≈## #≈≈≈≈≈#
########≈≈≈≈≈####################
........≈≈≈≈≈.<<@..........≈≈≈...
.........≈≈≈.[............≈≈≈≈≈..
..............(Y..........≈≈≈≈≈..
.............Y.Y..........≈≈≈≈≈..
..$..........Y......D......≈≈≈...
..........o.......###O...........
.............Z...## ##...........
...........S...5.# #...........
...........(....4## ##...........


You could see a five-headed hydra (wandering), Urug, a two-headed ogre
(wandering), 4 yaks, an adder, a white imp and a bullfrog skeleton.

Vanquished Creatures
  Fannar (D:10)
  3 two-headed ogres
  Nergalle (D:10)
  A deep troll (D:9)
  A deep elf archer (D:9)
  Joseph (D:7)
  A kobold demonologist (D:10)
  A troll (D:10)
  Prince Ribbit (D:7)
  13 yaks
  A wyvern (D:9)
  Grum (D:11)
  A hungry ghost (D:10)
  2 wargs (D:10)
  A water moccasin (D:7)
  Duvessa (D:7)
  3 orc warriors
  4 ice beasts
  2 black bears
  Purgy (Sewer)
  2 sky beasts (D:11)
  An eye of draining (D:10)
  3 phantoms
  6 ogres
  4 wolves (D:11)
  6 centaurs
  A big kobold (D:11)
  6 bullfrogs
  A water moccasin zombie (D:6)
  A wyvern skeleton (D:10)
  8 scorpions
  9 killer bees
  Dowan (D:7)
  5 wights (D:10)
  9 electric eels
  A crimson imp (D:6)
  A quasit (D:7)
  9 jellies
  5 hounds
  8 orc priests
  2 bullfrog skeletons
  2 centaur skeletons
  3 iguanas
  14 orc wizards
  7 worker ants
  3 killer bee zombies
  A hound zombie (D:6)
  A hound skeleton (D:8)
  2 worker ant zombies
  6 gnolls
  A river rat (D:5)
  14 adders
  3 shadow imps
  6 oozes
  3 adder zombies
  5 worms
  4 dart slugs
  5 leopard geckos
  31 orcs
  6 giant cockroaches
  2 goblins
  6 hobgoblins
  8 jackals
  8 quokkas
  5 ball pythons
  5 bats
  9 frilled lizards
  A giant cockroach zombie (D:4)
  A jackal skeleton (D:7)
  6 kobolds
  A leopard gecko zombie (D:5)
  2 quokka skeletons (D:4)
  12 rats
313 creatures vanquished.

Vanquished Creatures (collateral kills)
  An orc warrior (D:8)
  An orc (D:8)
2 creatures vanquished.

Vanquished Creatures (others)
  2 dancing weapons
  A quokka (D:11)
3 creatures vanquished.

Grand Total: 318 creatures vanquished

Notes
Turn   | Place    | Note
-------+----------+-------------------------------------------
     0 | D:1      | Gorice the Kobold Enchanter began the quest for the Orb.
     0 | D:1      | Reached XP level 1. HP: 10/10 MP: 3/3
   184 | D:1      | Reached skill level 2 in Short Blades
   230 | D:1      | Reached XP level 2. HP: 15/15 MP: 5/5
   337 | D:1      | Learned a level 2 spell: Ensorcelled Hibernation
   635 | D:2      | HP: 3/15 [adder (5)]
   637 | D:2      | HP: 1/15 [poisoned by an adder]
   640 | D:2      | Reached XP level 3. HP: 13/19 MP: 1/6
   741 | D:2      | Found a glowing silver altar of Zin.
   835 | D:2      | Found a deep blue altar of Sif Muna.
   912 | D:2      | Learned a level 3 spell: Confuse
  1263 | D:2      | Reached skill level 4 in Hexes
  1275 | D:2      | HP: 4/19 [hobgoblin/club (4)]
  1276 | D:2      | HP: 1/19 [hobgoblin/club (3)]
  1699 | D:2      | Reached skill level 3 in Short Blades
  1699 | D:2      | Reached XP level 4. HP: 23/24 MP: 7/7
  1779 | D:2      | HP: 6/24 [kobold (4)]
  2853 | D:3      | Found a shattered altar of Ashenzari.
  3354 | D:2      | HP: 7/24 [poisoned by an adder]
  3549 | D:3      | Reached XP level 5. HP: 12/28 MP: 0/8
  4323 | D:3      | Reached skill level 5 in Hexes
  4339 | D:3      | HP: 7/28 [gnoll/club (6)]
  4747 | D:4      | Reached skill level 4 in Short Blades
  4812 | D:4      | Reached XP level 6. HP: 25/32 MP: 5/9
  4817 | D:4      | Found a hide-covered altar of Uskayaw.
  4911 | D:4      | Got a steaming ring mail
  4922 | D:4      | Identified the +1 ring mail of Hide-and-Seek {rN++ Str+2} (You found it on level 4 of the Dungeon)
  4960 | D:4      | Noticed an ogre
  4989 | D:4      | Killed an ogre
  5128 | D:4      | Reached skill level 6 in Hexes
  5150 | D:4      | Found a sparkling altar of Nemelex Xobeh.
  5162 | D:4      | Reached skill level 5 in Short Blades
  5495 | D:5      | Entered Level 5 of the Dungeon
  5496 | D:5      | Found a glowing drain.
  5507 | D:4      | Reached XP level 7. HP: 33/36 MP: 7/10
  5705 | Sewer    | Entered a sewer
  5956 | Sewer    | Noticed Purgy
  5966 | Sewer    | Killed Purgy
  6272 | D:5      | Found a sparkling altar of Nemelex Xobeh.
  6307 | D:5      | Reached skill level 7 in Hexes
  6473 | D:5      | Found a sparkling altar of Nemelex Xobeh.
  6997 | D:5      | Found an ancient bone altar of Kikubaaqudgha.
  7001 | D:5      | Reached skill level 6 in Short Blades
  7075 | D:6      | Reached XP level 8. HP: 41/41 MP: 3/11
  7330 | D:5      | Reached skill level 8 in Hexes
  7662 | D:6      | Reached skill level 7 in Short Blades
  8419 | D:7      | Reached skill level 9 in Hexes
  8462 | D:7      | Found a staircase to the Ecumenical Temple.
  8493 | Temple   | Entered the Ecumenical Temple
  8508 | Temple   | Reached XP level 9. HP: 20/45 MP: 1/12
  8899 | Temple   | Became a worshipper of the Wu Jian Council
  8945 | D:7      | Noticed Duvessa
  8960 | D:7      | HP: 20/67 [poisoned by a water moccasin]
  8969 | D:7      | HP: 15/67 [poisoned by a water moccasin]
  8975 | D:7      | HP: 10/67 [poisoned by a water moccasin]
  8982 | D:7      | HP: 10/67 [poisoned by a water moccasin]
  8987 | D:7      | Reached skill level 8 in Short Blades
  9185 | D:7      | Noticed Dowan
  9195 | D:7      | Killed Dowan
  9207 | D:7      | Killed Duvessa
  9306 | D:7      | Noticed Prince Ribbit
  9334 | D:7      | Killed Prince Ribbit
  9334 | D:7      | Reached skill level 10 in Hexes
  9903 | D:7      | Reached skill level 9 in Short Blades
 10007 | D:7      | Learned a level 3 spell: Tukima's Dance
 10041 | D:7      | Noticed Joseph
 10057 | D:7      | Killed Joseph
 10060 | D:7      | HP: 8/45 [bullfrog (8)]
 10500 | D:7      | Reached * piety under Wu Jian
 10503 | D:7      | Reached skill level 11 in Hexes
 10586 | D:8      | Reached XP level 10. HP: 47/50 MP: 10/13
 10632 | D:8      | Found a sacrificial altar of Ru.
 10655 | D:8      | Reached skill level 1 in Ice Magic
 10928 | D:8      | Reached skill level 10 in Short Blades
 11141 | D:8      | Reached skill level 2 in Ice Magic
 11274 | D:8      | Found a bloodstained altar of Trog.
 11274 | D:8      | Found a hazy altar of Hepliaklqana.
 11306 | D:8      | Noticed a two-headed ogre
 11317 | D:8      | Killed a two-headed ogre
 11317 | D:8      | Reached skill level 4 in Dodging
 11317 | D:8      | Reached skill level 4 in Ice Magic
 11390 | D:8      | Reached skill level 5 in Dodging
 11690 | D:8      | Found a snail-covered altar of Cheibriados.
 11749 | D:8      | HP: 12/50 [orc warrior (5)]
 12179 | D:8      | Reached ** piety under Wu Jian
 12271 | D:9      | Learned a level 2 spell: Blink
 12756 | D:9      | Reached skill level 6 in Dodging
 12756 | D:9      | Reached skill level 5 in Ice Magic
 13140 | D:9      | Reached skill level 1 in Fighting
 13140 | D:9      | Reached skill level 7 in Dodging
 13163 | D:9      | Reached skill level 2 in Fighting
 13171 | D:9      | Reached XP level 11. HP: 59/59 MP: 4/14
 13325 | D:9      | Reached skill level 3 in Fighting
 13467 | D:9      | Found a stormy altar of Qazlal.
 13468 | D:9      | Found a sacrificial altar of Ru.
 13470 | D:9      | Reached skill level 8 in Dodging
 13545 | D:9      | Noticed a deep troll
 13546 | D:9      | Noticed a deep elf archer
 13793 | D:9      | Killed a deep troll
 13793 | D:9      | Reached *** piety under Wu Jian
 13793 | D:9      | Reached skill level 4 in Fighting
 14059 | D:9      | Killed a deep elf archer
 14059 | D:9      | Reached skill level 5 in Fighting
 14059 | D:9      | Reached skill level 9 in Dodging
 14174 | D:9      | Upgraded the game from 0.20-a0-754-g13ddd6e to 0.20-a0-785-g17250f0
 14176 | D:10     | Entered Level 10 of the Dungeon
 14906 | D:10     | Reached skill level 6 in Fighting
 14944 | D:10     | Noticed Fannar
 14997 | D:10     | HP: 12/64 [Fannar/bolt of cold (26)]
 15006 | D:10     | HP: 11/64 [orc priest/divine providence (12)]
 15007 | D:10     | HP: 1/64 [orc priest/divine providence (10)]
 15391 | D:10     | Noticed Nergalle
 15415 | D:10     | Killed Nergalle
 15415 | D:10     | Reached skill level 10 in Dodging
 15674 | D:10     | Reached skill level 7 in Fighting
 15833 | D:10     | Found a staircase to the Lair.
 15884 | D:10     | Reached **** piety under Wu Jian
 16248 | D:10     | Noticed a two-headed ogre
 16256 | D:10     | Killed a two-headed ogre
 16256 | D:10     | Reached XP level 12. HP: 73/73 MP: 3/15
 16333 | D:10     | Reached skill level 8 in Fighting
 16361 | D:10     | HP: 19/73 [Fannar/Ozocubu's Refrigeration (17)]
 16644 | D:10     | Killed Fannar
 16644 | D:10     | Reached skill level 11 in Dodging
 17217 | Lair:1   | Entered Level 1 of the Lair of Beasts
 17217 | Lair:1   | Noticed Gastronok
 17405 | D:11     | Noticed a two-headed ogre
 17489 | D:10     | Killed a two-headed ogre
 17532 | D:10     | HP: 18/75 [orc warrior (11)]
 17687 | D:10     | Reached skill level 9 in Fighting
 17831 | D:11     | Noticed a five-headed hydra
 17949 | D:11     | Noticed Grum
 17957 | D:11     | Reached skill level 12 in Dodging
 17985 | D:11     | Killed Grum
 18156 | D:11     | Got a crude rapier
 18157 | D:11     | Identified the cursed +0 rapier of Responsibility {protect, *Contam +Rage Int+3} (You found it on level 11 of the Dungeon)
 18193 | D:11     | Noticed a centaur warrior
 18197 | D:11     | Noticed an eight-headed hydra
 18209 | D:11     | Noticed Urug
 18210 | D:11     | HP: 19/76 [Urug/poisoned javelin (22)]
 18213 | D:11     | Noticed a two-headed ogre
 18231 | D:11     | HP: 22/76 [acid (9)]
 18238 | D:11     | HP: 20/76 [poisoned by Urug]
 18240 | D:11     | HP: 3/76 [Urug/poisoned javelin (9)]
 18241 | D:11     | HP: 1/76 [poisoned by Urug]
 18242 | D:11     | Succumbed to Urug's poison

Vault maps used:
D:1:      roderic_chinese_lattice_arrival, st_stairs_12
D:2:      lemuel_coloured_pillars_altar, zin_statuary, patterned_corridor
D:3:      lemuel_doored_altar, supply_closet_lemuel
D:4:      eat_drink_and_be_merry_uskayaw, first_bread,
          nemelex_lonely_heart_becter
D:5:      nicolae_overflow_crystal_walls, lemuel_round_altar,
          portal_sewer_entry_a, kennysheep_big_empty_room,
          nemelex_spade_bored_becter
D:7:      minmay_temple_entry_grid, minmay_a_box_with_orc_wizards_in_it,
          uniq_duvessa, uniq_prince_ribbit1, uniq_joseph
D:8:      overflow_temple_1_default, gammafunk_temple_overflow_wave,
          serial_glass, glass_columns_c, glass_columns_c, basic_altar
D:9:      hangedman_little_slice_of_home, minmay_misc_feat_room,
          jmf_multi_god_temple
D:10:     erik_lair_orcish_takeover, uniq_fannar, uniq_nergalle
D:11:     serial_shops, shop, uniq_urug, uniq_josephine, uniq_snorg, uniq_grum,
          uniq_erolcha
Temple:   nicolae_temple_figure_eight
Lair:1:   st_stairs_8, uniq_gastronok
Sewer:    sewer_co_purgy_island

Skill      XL: |  1  2  3  4  5  6  7  8  9 10 11 12 |
---------------+-------------------------------------+-----
Short Blades   | 2 3 4 5 6 7 9 10 | 10.0
Hexes          | 4 5 6 7 9 11 | 11.0
Ice Magic      | 5 |  5.4
Dodging        | 7 10 12 | 12.1
Fighting       | 2 7 9 |  9.4
Stealth        | |  4.0
Spellcasting   | |  2.1

Action                   |  1- 3 |  4- 6 |  7- 9 | 10-12 || total
-------------------------+-------+-------+-------+-------++-------
Melee: Dagger            |    92 |   265 |   292 |   874 ||  1523
Throw: Stone             |       |       |     4 |     2 ||     6
       Tomahawk          |       |       |       |     7 ||     7
       Throwing net      |       |       |       |     2 ||     2
 Cast: Corona            |     9 |    19 |     7 |     2 ||    37
       Ensorcelled Hiber |    11 |    34 |    70 |   152 ||   267
       Confuse           |     1 |     2 |    31 |    69 ||   103
       Tukima's Dance    |       |       |       |     3 ||     3
Evoke: Wand              |       |       |     6 |     6 ||    12
  Use: Potion            |     1 |     1 |     3 |     5 ||    10
       Scroll            |       |     8 |     8 |    12 ||    28
 Stab: Sleeping          |    10 |    25 |    44 |    93 ||   172
       Confused          |       |     2 |    23 |    38 ||    63
       Paralysed         |       |       |     3 |     1 ||     4
       Distracted        |       |       |     1 |     3 ||     4
       Held in net/web   |       |       |       |     4 ||     4
  Eat: Chunk             |    12 |    15 |    24 |    43 ||    94
Armor: Robe              |     8 |    34 |    40 |     3 ||    85
       Skin              |       |       |    21 |       ||    21
       Leather armour    |       |       |       |    35 ||    35
Dodge: Dodged            |    66 |   216 |   153 |   255 ||   690

Table legend:
 A = Turns spent in this place as a percentage of turns spent in the entire game.
 B = Non-inter-level travel turns spent in this place as a percentage of non-inter-level travel turns spent in the entire game.
 C = Inter-level travel turns spent in this place as a percentage of turns spent in this place.
 D = Turns resting spent in this place as a percentage of non-inter-level travel turns spent in this place.
 E = Turns spent auto-exploring this place as a percentage of non-inter-level travel turns spent in this place.
 F = Non-inter-level travel turns spent in this place divided by the number of levels of this place that you've seen.
                   A       B       C       D       E      F
               +-------+-------+-------+-------+-------+----------------------
         Total | 100.0 | 100.0 |   0.5 |   4.9 |   4.4 | 417.1
       Dungeon |  96.0 |  96.0 |   0.5 |   4.8 |   4.3 | 509.5
        Temple |   0.8 |   0.7 |   4.4 |   9.3 |  32.6 |  43.0
          Lair |   0.1 |   0.1 |   0.0 |   0.0 |   0.0 |   8.0
         Sewer |   3.1 |   3.2 |   0.0 |   7.1 |   0.5 | 184.0
               +-------+-------+-------+-------+-------+----------------------

Vault maps used:
D:1:      roderic_chinese_lattice_arrival, st_stairs_12
D:2:      lemuel_coloured_pillars_altar, zin_statuary, patterned_corridor
D:3:      lemuel_doored_altar, supply_closet_lemuel
D:4:      eat_drink_and_be_merry_uskayaw, first_bread,
          nemelex_lonely_heart_becter
D:5:      nicolae_overflow_crystal_walls, lemuel_round_altar,
          portal_sewer_entry_a, kennysheep_big_empty_room,
          nemelex_spade_bored_becter
D:7:      minmay_temple_entry_grid, minmay_a_box_with_orc_wizards_in_it,
          uniq_duvessa, uniq_prince_ribbit1, uniq_joseph
D:8:      overflow_temple_1_default, gammafunk_temple_overflow_wave,
          serial_glass, glass_columns_c, glass_columns_c, basic_altar
D:9:      hangedman_little_slice_of_home, minmay_misc_feat_room,
          jmf_multi_god_temple
D:10:     erik_lair_orcish_takeover, uniq_fannar, uniq_nergalle
D:11:     serial_shops, shop, uniq_urug, uniq_josephine, uniq_snorg, uniq_grum,
          uniq_erolcha
Temple:   nicolae_temple_figure_eight
Lair:1:   st_stairs_8, uniq_gastronok
Sewer:    sewer_co_purgy_island
